Map: Dusk Towers

Players

NORTHAMERICA - Winner!

  • Race: Protoss Protoss
  • League: Master

帥肥儒

  • Race: Zerg Zerg
  • League: Master

VOD

Have the link to the VOD?

Description

Time

  • Played on: May 9, 2016, 12:52 a.m.
  • Length: 15:05
Show
View Real Time Build Order
Export as new Build Order

NORTHAMERICA Protoss - Winner!

Build Orders: Nexus First, Phoenix Opening 

Get SALT Encoding   

  12  0:01  Probe (Chrono Boost)  
  13  0:11  Probe (Chrono Boost)  
  14  0:18  Pylon  
  14  0:22  Probe (Chrono Boost)  
  15  0:37  Probe (Chrono Boost)  
  16  0:47  Probe (Chrono Boost)  
  17  0:58  Nexus  
  17  1:08  Gateway  
  18  1:11  Probe (Chrono Boost)  
  18  1:20  Assimilator  
  18  1:22  Probe (Chrono Boost)  
  19  1:25  Assimilator  
  19  1:32  Probe (Chrono Boost)  
  20  1:43  Probe (Chrono Boost)  
  21  1:53  Probe (Chrono Boost)  
  22  1:57  Cybernetics Core  
  22  2:03  Pylon  
  22  2:09  Zealot  
  22  2:11  Probe (Chrono Boost)  
  22  2:12  Probe (Chrono Boost)  
  26  2:21  Probe (Chrono Boost)  
  26  2:22  Probe (Chrono Boost)  
  28  2:32  Probe (Chrono Boost)  
  28  2:33  Probe (Chrono Boost)  
  28  2:34  Warp Gate  
  28  2:36  Stalker  
  32  2:44  Stargate  
  32  2:48  Probe (Chrono Boost)  
  32  2:49  Probe (Chrono Boost)  
  34  2:59  Mothership Core (Chrono Boost), Probe (Chrono Boost)  
  37  3:10  Probe (Chrono Boost)  
  38  3:17  Probe (Chrono Boost)  
  39  3:20  Probe (Chrono Boost)  
  40  3:28  Probe (Chrono Boost)  
  40  3:29  Gateway, Probe (Chrono Boost)  
  40  3:30  Phoenix (Chrono Boost), Gateway  
  44  3:37  Pylon  
  44  3:39  Probe  
  44  3:40  Probe  
  45  3:48  Pylon  
  45  3:51  Probe  
  46  3:56  Phoenix (Chrono Boost)  
  46  3:58  Probe  
  49  4:15  Nexus  
  49  4:17  Phoenix (Chrono Boost), Pylon  
  49  4:18  Probe  
  49  4:21  Pylon  
  52  4:26  Pylon  
  52  4:28  Probe  
  53  4:33  Probe  
  54  4:38  Probe  
  54  4:39  Phoenix (Chrono Boost)  
  58  4:45  Probe  
  58  4:49  Probe  
  58  4:51  Adept  
  61  4:57  Robotics Facility  
  61  4:58  Robotics Facility  
  61  4:59  Pylon, Probe x2  
  62  5:04  Assimilator  
  63  5:09  Assimilator  
  63  5:11  Probe  
  64  5:15  Gateway  
  64  5:17  Gateway  
  64  5:21  Sentry  
  66  5:29  Sentry  
  66  5:34  Adept  
  68  5:38  Probe  
  68  5:42  Gateway  
  69  5:43  Gateway  
  69  5:44  Gateway  
  69  5:46  Pylon  
  69  5:48  Adept  
  71  6:00  Probe  
  71  6:01  Gateway  
  71  6:02  Pylon  
  71  6:04  Probe  
  70  6:05  Probe  
  70  6:10  Gateway  
  72  6:11  Adept x3  
  78  6:19  Adept x2  
  78  6:25  Forge, Probe  
  80  6:27  Probe  
  80  6:29  Probe  
  80  6:30  Pylon  
  83  6:36  Zealot  
  85  6:45  Adept x6  
  97  6:47  Probe  
  97  6:51  Warp Prism (Chrono Boost)  
  97  6:52  Probe  
  101  6:57  Adept  
  104  7:03  Observer (Chrono Boost), Protoss Ground Weapons Level 1  
  104  7:14  Adept x3  
  104  7:15  Adept x3  
  92  7:21  Zealot, Adept  
  72  7:36  Adept x6  
  79  7:47  Adept x2  
  71  7:57  Zealot  
  72  7:58  Sentry  
  74  8:08  Adept x3  
  74  8:12  Zealot  
  80  8:15  Probe  
  80  8:16  Probe  
  76  8:22  Adept x3  
  76  8:23  Probe  
  81  8:33  Adept x3  
  79  8:43  Adept x3  
  85  8:53  Adept  
  85  8:54  Adept  
  85  8:55  Adept  
  83  8:57  Immortal (Chrono Boost)  
  83  8:59  Pylon  
  87  9:05  Sentry x2  
  91  9:12  Sentry  
  91  9:13  Pylon  
  91  9:15  Immortal (Chrono Boost)  
  97  9:18  Sentry x2  
  101  9:34  Adept x2  
  101  9:35  Adept  
  107  9:39  Probe  
  107  9:42  Twilight Council  
  107  9:43  Probe  
  107  9:45  Probe  
  110  9:50  Protoss Ground Armor Level 1  
  110  9:51  Probe  
  111  9:55  Immortal (Chrono Boost)  
  111  9:56  Immortal (Chrono Boost)  
  111  9:57  Probe  
  120  10:01  Gateway  
  120  10:04  Gateway  
  120  10:05  Sentry  
  122  10:13  Stalker  
  124  10:16  Pylon  
  124  10:19  Blink (Chrono Boost)  
  124  10:22  Assimilator  
  124  10:25  Pylon  
  124  10:26  Assimilator  
  124  10:40  Pylon  
  124  10:41  Pylon, Observer, Adept x2  
  124  10:42  Adept x2  
  133  10:44  Probe  
  133  10:45  Pylon  
  133  10:48  Templar Archives  
  134  10:52  Gateway  
  134  11:04  Probe  
  134  11:08  Photon Cannon  
  135  11:14  Probe  
  136  11:20  Adept x4  
  136  11:21  Adept x3  
  150  11:25  Probe  
  150  11:27  Psionic Storm, Probe  
  152  11:37  Probe  
  152  11:39  Photon Cannon  
  139  11:44  Probe  
  139  11:45  Probe  
  139  11:52  High Templar x2  
  139  11:53  High Templar x2  
  145  11:56  Probe  
  145  12:00  Protoss Ground Weapons Level 2  
  146  12:02  Resonating Glaives (Chrono Boost)  
  146  12:06  Nexus, Probe  
  147  12:09  Pylon  
  147  12:10  Pylon, High Templar  
  147  12:12  Probe  
  150  12:31  Probe  
  150  12:33  Photon Cannon  
  150  12:35  Photon Cannon  
  151  12:37  Probe  
  151  12:38  High Templar  
  151  12:39  High Templar  
  151  12:43  Archon  
  156  12:46  Stalker x2  
  160  12:51  Stalker  
  160  12:54  High Templar  
  164  13:06  Pylon  
  164  13:08  Pylon  
  164  13:09  High Templar x2  
  164  13:10  Pylon, Gateway  
  168  13:14  Archon  
  168  13:18  Stalker x2  
  172  13:22  Assimilator  
  172  13:32  Stalker x2  
  138  13:43  Stalker x5  
  138  13:45  Probe  
  138  13:47  Pylon  
  138  13:48  Probe  
  145  13:50  Probe  
  140  14:05  Probe  
  140  14:08  Photon Cannon  
  141  14:12  Assimilator  
  141  14:13  Photon Cannon  
  141  14:16  Stalker  
  141  14:17  Stalker x5  
  153  14:26  Sentry x2  
  154  14:40  Stalker x3  
  154  14:41  Stalker x2  
  154  14:42  Stalker  
  122  14:59  Adept x2  
Show
View Real Time Build Order
Export as new Build Order

帥肥儒 Zerg 

Build Orders: Hatch First 

Get SALT Encoding   

  12  0:00  Drone  
  13  0:12  Overlord  
  13  0:17  Drone  
  14  0:32  Drone x2  
  16  0:37  Drone  
  17  0:53  Hatchery  
  17  0:56  Drone  
  17  0:59  Drone  
  18  1:10  Extractor  
  17  1:16  Spawning Pool  
  17  1:18  Drone  
  17  1:22  Drone  
  18  1:28  Drone  
  19  1:39  Overlord  
  19  1:53  Drone  
  20  2:03  Zergling x2, Queen  
  20  2:05  Queen  
  20  2:06  Drone  
  26  2:15  Metabolic Boost  
  26  2:16  Drone  
  26  2:18  Drone  
  28  2:23  Drone  
  29  2:37  Hatchery  
  29  2:43  Drone x3  
  31  2:55  Drone x3  
  34  3:00  Overlord  
  34  3:05  Overlord  
  34  3:11  Drone x2  
  36  3:19  Drone x3  
  39  3:22  Zergling x6  
  41  3:37  Drone  
  41  3:38  Spore Crawler  
  41  3:43  Drone, Spore Crawler  
  41  3:44  Zergling x2  
  41  3:45  Zergling x2  
  43  3:52  Queen  
  43  3:53  Drone x5  
  43  3:54  Drone  
  51  3:58  Drone  
  51  3:59  Drone x2, Evolution Chamber  
  53  4:03  Drone  
  53  4:04  Baneling Nest  
  53  4:05  Drone  
  54  4:12  Overlord, Spore Crawler  
  54  4:16  Zergling x2  
  54  4:17  Zergling x2  
  55  4:19  Zergling x2  
  56  4:29  Zerg Melee Weapons Level 1  
  56  4:32  Zergling x2, Overlord  
  56  4:33  Overlord  
  56  4:34  Overlord  
  56  4:38  Overlord  
  57  4:47  Lair  
  57  4:49  Zergling x2  
  57  4:51  Zergling x12  
  64  4:54  Zergling x2  
  64  4:58  Zergling x6  
  67  5:03  Zergling x12  
  73  5:10  Zergling x6  
  76  5:20  Zergling x6  
  79  5:26  Zergling x2  
  76  5:38  Zergling x16  
  83  5:43  Zergling x2  
  80  5:53  Zergling x2  
  80  5:54  Zergling x8  
  80  5:58  Hatchery  
  80  6:02  Zergling x6, Extractor  
  80  6:04  Queen  
  80  6:07  Hatchery  
  80  6:17  Zergling x6  
  77  6:24  Zergling x6  
  75  6:31  Zergling x18, Zerg Melee Weapons Level 2  
  81  6:44  Zergling x8  
  81  6:46  Baneling  
  81  6:47  Baneling x6  
  80  6:58  Zergling x18  
  80  7:01  Overlord x4  
  87  7:15  Zergling x8  
  78  7:21  Zergling x10  
  73  7:31  Zergling x16  
  73  7:37  Zergling x4  
  79  7:42  Zergling x6  
  76  7:48  Zergling x6  
  69  8:01  Zergling x2  
  69  8:02  Zergling x28  
  82  8:09  Zergling x8  
  82  8:15  Zergling x4  
  82  8:21  Zergling x6  
  82  8:26  Zergling x2  
  87  8:27  Zergling x8  
  87  8:31  Zergling x4  
  85  8:35  Queen  
  84  8:41  Zergling x10  
  84  8:47  Centrifical Hooks  
  81  8:52  Zergling x20  
  85  8:56  Extractor  
  85  8:58  Drone x5  
  89  9:07  Baneling x10  
  89  9:11  Drone x2  
  89  9:12  Drone  
  92  9:20  Zergling x2  
  92  9:21  Zergling x8  
  92  9:38  Zergling x22  
  92  9:42  Baneling  
  92  9:43  Baneling x7  
  92  9:52  Baneling x2  
  91  9:54  Zergling x14  
  91  9:59  Drone x4  
  102  10:05  Zergling x6  
  102  10:06  Zergling x2  
  104  10:14  Zergling x2  
  104  10:15  Zergling x10  
  104  10:18  Drone  
  104  10:20  Hydralisk Den, Extractor  
  109  10:23  Zerg Missile Weapons Level 1  
  109  10:27  Drone x3  
  112  10:29  Extractor  
  110  10:35  Drone x2  
  110  10:36  Drone x4  
  110  10:37  Drone  
  110  10:41  Spore Crawler  
  116  10:46  Overseer  
  116  10:51  Muscular Augments  
  116  11:03  Hydralisk x4  
  122  11:04  Drone  
  122  11:05  Drone x2  
  122  11:09  Extractor, Hydralisk  
  122  11:11  Extractor  
  125  11:16  Extractor, Hydralisk x2  
  127  11:23  Queen  
  127  11:24  Hydralisk  
  121  11:41  Hydralisk  
  121  11:42  Hydralisk x2  
  121  11:46  Drone x3  
  126  11:47  Drone x3  
  126  11:50  Drone x3  
  132  11:58  Zergling x2  
  132  12:00  Overlord x3  
  132  12:01  Overlord x2  
  133  12:08  Baneling  
  133  12:09  Baneling x7  
  133  12:22  Zergling x28  
  147  12:38  Zergling x20  
  157  12:46  Baneling x11  
  157  12:47  Baneling x2  
  157  12:56  Baneling x12  
  157  13:03  Zergling x2  
  157  13:04  Zergling x6  
  161  13:17  Baneling x18  
  149  13:20  Zergling x4  
  151  13:28  Baneling  
  151  13:29  Baneling x9  
  101  13:45  Zergling x2  
  101  13:46  Zergling x20  
  101  14:01  Baneling x5  
  101  14:02  Baneling x2  
  85  14:05  Zergling x12  
  90  14:10  Zergling x6  
  90  14:12  Baneling x3  
  90  14:13  Baneling  
  93  14:19  Hydralisk x2  
  97  14:31  Baneling x16  
  84  14:39  Hydralisk x2  
Tags
 
Add a new tag
Caveats
  • Supply blocks, unpowered buildings, or Contaminate may cause inaccurate times.
  • Supply counts are checked every 10 seconds.